 Dungeon Crawl Stone Soup version 0.30-a0-718-geaa24f58ff (webtiles) character file.

Game seed: 14562418870166978148

590 Darius099 the Grappler (level 7, -12/66 HPs)
             Began as a Troll Monk on Jan 25, 2023.
             Shot with a bolt by an orc warrior (19 damage)
             ... on level 5 of the Dungeon.
             The game lasted 00:04:34 (3425 turns).

Darius099 the Grappler (Troll Monk)                 Turns: 3425, Time: 00:04:35

Health: -12/66     AC:  6    Str: 20    XL:     7   Next: 16%
Magic:  6/6        EV: 10    Int:  6    God:
Gold:   255        SH:  0    Dex: 14    Spells: 6/6 levels left

rFire   . . .      SeeInvis .      - Unarmed
rCold   . . .      Faith    .    (no shield)
rNeg    . . .      Spirit   .    o - +2 robe {Archmagi}
rPois   .          Reflect  .    (helmet restricted)
rElec   .          Harm     .    (no cloak)
rCorr   .          Rampage  .    (gloves unavailable)
Will    .....      Archmagi +    (boots unavailable)
Stlth   ++                       (no amulet)
HPRegen 1.11/turn                (no ring)
MPRegen 0.10/turn                (no ring)

@: no status effects
A: large, unfitting armour, claws 3, regeneration 1, shaggy fur 1, tough skin 1
a: no special abilities


You were on level 5 of the Dungeon.
You visited 1 branch of the dungeon, and saw 5 of its levels.

You collected 255 gold pieces.

Inventory:

Missiles
 h - a throwing net (quivered)
Armour
 o - a +2 robe of the Archmagi (worn)
Wands
 q - a wand of acid (6)
 t - a wand of charming (6)
Scrolls
 c - 2 scrolls of fear
 d - 2 scrolls of blinking {unknown}
 e - 2 scrolls of teleportation {unknown}
 f - a scroll of enchant armour {unknown}
 i - 2 scrolls of amnesia {unknown}
 j - 2 scrolls of identify {unknown}
 k - 2 scrolls of fog {unknown}
 l - a scroll of butterflies {unknown}
 n - a scroll of brand weapon {unknown}
 v - a scroll of magic mapping {unknown}
Potions
 a - a potion of attraction {unknown}
 b - a potion of ambrosia
 g - 2 potions of cancellation {unknown}
 m - 2 potions of curing {unknown}
 p - a potion of flight {unknown}
 r - a potion of heal wounds {unknown}
 s - a potion of lignification {unknown}
 u - a potion of might {unknown}


   Skills:
 - Level 2.4 Fighting
 - Level 2.4 Dodging
 - Level 1.0 Stealth
 + Level 8.3 Unarmed Combat


You had 6 spell levels left.
You didn't know any spells.
Your spell library contained the following spells:

 Spells                   Type           Power      Damage    Failure   Level
 Gell's Gravitas          Tloc           0%         N/A       83%         3
 Inner Flame              Hex/Fire       0%         N/A       83%         3
 Teleport Other           Tloc           0%         N/A       83%         3
 Cause Fear               Hex            0%         N/A       99%         4
 Conjure Ball Lightning   Conj/Air       0%         3x3d6     100%        6
 Dispersal                Tloc           0%         N/A       100%        6
 Discord                  Hex            0%         N/A       100%        8
 Disjunction              Tloc           0%         N/A       100%        8


Dungeon Overview and Level Annotations

Branches:
Dungeon (5/15)
 Temple: D:4-7

Altars:
Ashenzari
Fedhas
Kikubaaqudgha
Vehumet

Shops:
D:4 [


Innate Abilities, Weirdness & Mutations

You are too large for most types of armour.
You have claws for hands.
Your natural rate of healing is unusually fast.
You are covered in fur. (AC +1)
You have tough skin. (AC +1)


Message History

Unknown command.
There are monsters nearby!
Unknown command.
There are monsters nearby!
Unknown command.
There are monsters nearby!
Unknown command.
Unknown command.
Unknown command.
Unknown command.
Unknown command.
The orc warrior attacks as you move away!
The orc warrior hits you with a +0 trident!
* * * LOW HITPOINT WARNING * * *
The orc warrior hits you but does no damage.
The orc attacks as you move away! The orc closely misses you.
The orc warrior unwields a +0 trident.
The orc warrior wields a +0 arbalest.
The orc warrior shoots a bolt.
The bolt hits you!
* * * LOW HITPOINT WARNING * * *
You hear some strange, mumbled words.
A puff of flame appears from out of thin air!
The puff of flame hits you but does no damage.
You closely miss the orc. The orc hits you with a +0 hand axe.
* * * LOW HITPOINT WARNING * * *
You scratch the orc.
The orc is moderately wounded.
You closely miss something. You closely miss something.
You closely miss something. Your claw misses something.
Something hits you but does no damage.
You miss something. Something hits you but does no damage.
You scratch something. Your claw misses something. Something hits you.
* * * LOW HITPOINT WARNING * * *
You miss something.
You hear some strange, mumbled words.
A magic dart appears from out of thin air!
The magic dart hits you!
* * * LOW HITPOINT WARNING * * *
You barely miss something.
The orc warrior shoots a bolt.
The bolt hits you!!
You die...

####### #### ...... ..#
..#.## #.# #....###.#######
#.#............# ##
#....###.#####.####
###..#....# #.##.......#
..........###)##.##.##.#
..8..#.).oo{@.##.##.##.#
.8. #...o######.##..#.# #
#.#### #.###.#.# # #.##
#.###.#.# #. #..##
###.......# #. #...##
#........##
###.######....## #.#.###..#
...............###....##..#
.....+)........'..........#


You could see an orc warrior and 2 orcs.

Vanquished Creatures
  Sigmund (D:3)
  An ogre (D:5)
  A phantom (D:5)
  A necrophage (D:5)
  An orc priest (D:5)
  Jessica (D:3)
  An iguana (D:5)
  3 gnolls (D:5)
  5 adders
  A worm (D:3)
  2 dart slugs
  7 orcs
  4 ball pythons
  A bat (D:3)
  An endoplasm (D:1)
  2 giant cockroaches
  2 goblins
  A hobgoblin (D:1)
  3 jackals (D:4)
  6 kobolds
  5 quokkas
  3 frilled lizards
  3 rats
56 creatures vanquished.

Notes
Turn   | Place    | Note
-------+----------+-------------------------------------------
     0 | D:1      | Darius099 the Troll Monk began the quest for the Orb.
     0 | D:1      | Reached XP level 1. HP: 22/22 MP: 0/0
   280 | D:1      | Reached XP level 2. HP: 29/29 MP: 1/1
  1306 | D:2      | Reached skill level 4 in Unarmed Combat
  1409 | D:3      | Found a radiant altar of Vehumet.
  1577 | D:3      | Noticed Sigmund
  1591 | D:3      | Killed Sigmund
  1592 | D:3      | Reached skill level 6 in Unarmed Combat
  1592 | D:3      | Reached XP level 3. HP: 25/36 MP: 2/2
  1592 | D:3      | Reached XP level 4. HP: 31/44 MP: 3/3
  1592 | D:3      | Reached XP level 5. HP: 36/50 MP: 4/4
  1723 | D:3      | Noticed Jessica
  1728 | D:3      | Killed Jessica
  2082 | D:3      | Found a broken altar of Ashenzari.
  2227 | D:4      | Found Ahunotuyn's Antique Armour Emporium.
  2232 | D:4      | Identified the +0 pair of boots of Duck's Teeth {rF+ Int+5}
  2886 | D:5      | Entered Level 5 of the Dungeon
  2892 | D:5      | Reached XP level 6. HP: 59/59 MP: 5/5
  2920 | D:5      | Reached skill level 7 in Unarmed Combat
  3069 | D:5      | HP: 1/59 [ogre/+0 giant club (16)]
  3176 | D:5      | Reached skill level 8 in Unarmed Combat
  3176 | D:5      | Reached XP level 7. HP: 64/66 MP: 6/6
  3323 | D:5      | Found an ancient bone altar of Kikubaaqudgha.
  3325 | D:5      | Found a blossoming altar of Fedhas.
  3425 | D:5      | Shot with a bolt by an orc warrior

Illustrated notes

Levels and vault maps discovered:
D:1:      dpeg_arrival_short_road, layout_basic, serial_co_window_serial,
          co_window_corner_a, co_window_of_opportunity_a, co_window_paths_b,
          co_window_of_opportunity_a, co_window_corner_a, co_window_paths_b,
          co_window_unsneaky_path_a, co_window_corner_b, co_window_cross_4,
          co_window_corner_b, co_window_of_opportunity_c, co_window_broadway_c,
          glass_columns_b
D:2:      layout_rooms
D:3:      layout_loops_ring, marbit_many_paths, mainiacjoe_overflow_boulevard,
          uniq_sigmund, uniq_jessica
D:4:      layout_basic, serial_shops, nicolae_shop_advertising_works
          [nicolae_subvault_shop_adworks], minmay_distorted
D:5:      layout_loops_corners, grunt_temple_overflow_growth_and_decay,
          guppyfry_early_orc_mine

Skill      XL: |  1  2  3  4  5  6 |
---------------+-------------------+-----
Unarmed Combat | 6 8 |  8.3
Fighting       | |  2.4
Dodging        | |  2.4
Stealth        | |  1.0

Action                     |  1- 3 |  4- 6 |  7- 9 || total
---------------------------+-------+-------+-------++-------
  Melee: Unarmed           |    54 |    69 |    23 ||   146
         Punch             |     1 |     2 |       ||     3
    Use: Scroll            |       |     1 |       ||     1
   Stab: Sleeping          |     1 |     7 |       ||     8
 Armour: Robe              |     8 |    18 |     7 ||    33
  Dodge: Dodged            |    23 |    19 |     6 ||    48

Table legend: (Time is in decaauts)
 A = Elapsed time spent in this place.
 B = Non-inter-level travel time spent in this place.
 C = Inter-level travel time spent in this place.
 D = Time resting spent in this place.
 E = Time spent auto-exploring this place.
 F = Levels seen in this place.
 G = Mean time per level.
                   A        B        C        D        E       F      G
               +--------+--------+--------+--------+--------+-----+--------+
         Total |   3408 |   3238 |    170 |     48 |   2567 |   5 |  681.6 |
       Dungeon |   3408 |   3238 |    170 |     48 |   2567 |   5 |  681.6 |
               +--------+--------+--------+--------+--------+-----+--------+

Top non-repeatable levels by time:
     D:1: 952 daAuts
     D:3: 808 daAuts
     D:4: 727 daAuts
     D:5: 531 daAuts
     D:2: 389 daAuts
